 Dungeon Crawl Stone Soup version 0.30-a0-728-gc68057be0a (webtiles) character file.

Game seed: 9714180752658779900

24 browni3141 the Poker (level 3, -5/19 HPs)
             Began as a Vine Stalker Monk on Jan 31, 2023.
             Slain by an orc
             ... wielding a +0 trident
              (8 damage)
             ... on level 2 of the Dungeon.
             The game lasted 00:01:00 (1056 turns).

browni3141 the Poker (Vine Stalker Monk)            Turns: 1056, Time: 00:01:00

Health: -5/19      AC:  5    Str: 15    XL:     3   Next: 2%
Magic:  0/4        EV: 11    Int: 10    God:
Gold:   85         SH:  0    Dex: 16    Spells: 2/2 levels left

rFire   . . .      SeeInvis .    a - +0 spear
rCold   . . .      Faith    .    (no shield)
rNeg    . . .      Spirit   +    e - +0 ring mail
rPois   .          Reflect  .    (no helmet)
rElec   .          Harm     .    (no cloak)
rCorr   .          Rampage  .    (no gloves)
Will    .....                    (no boots)
Stlth   ++                       (no amulet)
HPRegen 0.23/turn                (no ring)
MPRegen 0.09/turn                (no ring)

@: no status effects
A: fangs 2, magic shield, antimagic bite, no potion heal 2
a: no special abilities


You were on level 2 of the Dungeon.
You visited 1 branch of the dungeon, and saw 2 of its levels.

You collected 85 gold pieces.

Inventory:

Hand Weapons
 a - a +0 spear (weapon)
Armour
 b - a +0 robe
 e - a +0 ring mail (worn)
Scrolls
 g - a scroll of teleportation {unknown}
 i - a scroll of identify {unknown}
 j - a scroll of enchant armour {unknown}
Potions
 c - a potion of ambrosia
 d - 2 potions of heal wounds {unknown}
 f - a potion of mutation {unknown}
 h - a potion of curing {unknown}


   Skills:
 - Level 2.6 Fighting
 + Level 3.7 Polearms
 - Level 2.4 Dodging
 - Level 2.4 Stealth


You had 2 spell levels left.
You didn't know any spells.
Your spell library contained the following spells:

 Spells                   Type           Power      Damage    Failure   Level
 Frozen Ramparts          Ice            0%         1d1       92%         3
 Ice Form                 Ice/Tmut       0%         N/A       100%        4
 Summon Ice Beast         Ice/Summ       0%         N/A       100%        4


Dungeon Overview and Level Annotations

Branches:
Dungeon (2/15)

Altars:


Innate Abilities, Weirdness & Mutations

You have extremely sharp teeth.
When hurt, damage is shared between your health and your magic reserves.
Your bite disrupts and absorbs the magic of your enemies.
Potions cannot restore your health.


Message History

There is an open door here.
Found a faded altar of an unknown god.
An orc comes into view. It is wielding a +0 trident.
Found a scroll labelled YREZIMUQUO and a thin malachite amulet.
The orc shouts!
You hear an angry hiss.
An orc is nearby!
An orc is nearby!
A frilled lizard comes into view.
You reach to attack!
You barely miss the orc.
The orc hits you from afar with a +0 trident.
You reach to attack!
You barely miss the orc.
The orc hits you from afar with a +0 trident.
You are too injured to fight recklessly!
You are too injured to fight recklessly!
Reach: a) +0 spear
Press: ? - help, Dir - move target, f/p - orc
Aim: an orc, wielding a +0 trident and wearing a +0 scale mail (about 32% to evade your +0 spear)
You reach to attack!
You closely miss the orc. The orc closely misses you.
Reach: a) +0 spear
Press: ? - help, Dir - move target, f/p - orc
Aim: an orc, wielding a +0 trident and wearing a +0 scale mail (about 32% to evade your +0 spear)
You reach to attack!
You closely miss the orc.
The orc hits you from afar with a +0 trident.
Reach: a) +0 spear
Press: ? - help, Dir - move target, f/p - orc
Aim: an orc, wielding a +0 trident and wearing a +0 scale mail (about 32% to evade your +0 spear)
You reach to attack!
You hit the orc but do no damage. The orc closely misses you.
Reach: a) +0 spear
Press: ? - help, Dir - move target, f/p - orc
Aim: an orc, wielding a +0 trident and wearing a +0 scale mail (about 32% to evade your +0 spear)
You reach to attack!
You hit the orc but do no damage. The orc closely misses you.
The frilled lizard bites you. The orc misses you.
You hit the orc but do no damage. You bite the orc, but do no damage.
The frilled lizard barely misses you. The orc hits you with a +0 trident.
* * * LOW HITPOINT WARNING * * *
You hit the orc but do no damage. The frilled lizard misses you.
The orc hits you with a +0 trident!
You die...

........##.#..####.
.............##.##+####'
........# #.......).
........+ +.........
#.......#######.........
........'..........>....
........#...............
......o.................
.......@................
......§l§...............
......§§§...............
......§_§...............
......§...##....########
...?......##....#
..........##....#
####......##....#
#......##....#


You could see an orc and a frilled lizard.

Vanquished Creatures
  A dart slug (D:2)
  3 ball pythons
  2 bats
  2 endoplasms
  A giant cockroach (D:2)
  3 goblins
  2 hobgoblins (D:1)
  2 kobolds
  A frilled lizard (D:1)
  2 rats
19 creatures vanquished.

Notes
Turn   | Place    | Note
-------+----------+-------------------------------------------
     0 | D:1      | browni3141 the Vine Stalker Monk began the quest for the
                  | Orb.
     0 | D:1      | Reached XP level 1. HP: 11/11 MP: 2/2
     3 | D:1      | Noticed an electric eel
     4 | D:1      | Noticed an electric eel
   125 | D:1      | Reached skill level 3 in Polearms
   182 | D:1      | Reached XP level 2. HP: 16/16 MP: 3/3
  1027 | D:2      | Reached XP level 3. HP: 19/19 MP: 4/4
  1041 | D:2      | Found a faded altar of an unknown god.
  1056 | D:2      | Slain by an orc

Illustrated notes

Levels and vault maps discovered:
D:1:      arrival_aquarium_b, layout_loops_cross, st_stairs_7
D:2:      layout_basic, ebering_ecumenical_altar_mist, uniq_sigmund,
          uniq_crazy_yiuf_cottage

Skill      XL: |  1 |
---------------+----+-----
Polearms       | 3 |  3.7
Fighting       | |  2.6
Dodging        | |  2.4
Stealth        | |  2.4

Action                     || total
---------------------------++-------
  Melee: Spear             ||    50
         Bite              ||     9
   Stab: Sleeping          ||     4
 Armour: Robe              ||     1
         Ring mail         ||     4
  Dodge: Dodged            ||    17

Table legend: (Time is in decaauts)
 A = Elapsed time spent in this place.
 B = Non-inter-level travel time spent in this place.
 C = Inter-level travel time spent in this place.
 D = Time resting spent in this place.
 E = Time spent auto-exploring this place.
 F = Levels seen in this place.
 G = Mean time per level.
                   A        B        C        D        E       F      G
               +--------+--------+--------+--------+--------+-----+--------+
         Total |   1052 |   1026 |     26 |      0 |    885 |   2 |  526.0 |
       Dungeon |   1052 |   1026 |     26 |      0 |    885 |   2 |  526.0 |
               +--------+--------+--------+--------+--------+-----+--------+

Top non-repeatable levels by time:
     D:1: 659 daAuts
     D:2: 393 daAuts
